 Seeded DCSS version 0.29-a0-575-g0dc89cf053 (webtiles) character file.

Game seed: 8572682691686822440 (custom seed)

37348 happo123 the Unseen (level 13, 60/76 HPs)
             Began as a Vampire Enchanter on June 12, 2022.
             Was a High Priest of Wu Jian.
             Quit the game on level 6 of the Lair of Beasts.
             The game lasted 01:11:52 (17394 turns).

happo123 the Unseen (Vampire Enchanter)            Turns: 17394, Time: 01:11:53

Health: 60/76      AC: 15    Str:  7    XL:     13   Next: 57%
Magic:  2/23       EV: 17    Int: 34    God:    Wu Jian [*****.]
Gold:   1137       SH:  0    Dex: 20    Spells: 6/26 levels left

rFire   . . .      SeeInvis +   O - +4 short sword of Saqybav {vamp, Int+7}
rCold   + + .      Faith    .   f - orb {guile}
rNeg    + + +      Spirit   .   H - +2 leather armour {Will+}
rPois   ∞          Reflect  .   l - +2 helmet
rElec   .          Harm     .   t - +0 cloak
rCorr   .          Rampage  .   C - +2 pair of gloves
Will    +....                   e - +1 pair of boots
Stlth   +++++++++.              (no amulet)
HPRegen 0.00/turn               a - +6 ring of dexterity
MPRegen 0.18/turn               S - ring "Jietuuve" {Will+ Int+4}

@: marked, bloodless, inhibited regen, invisible
A: bloodless, fangs 3, see invisible, vampiric 2
a: Bat Form, Revivify, Renounce Religion, Wall Jump, Serpent's Lash, Heavenly
Storm


You were on level 6 of the Lair of Beasts.
You worshipped Wu Jian.
Wu Jian was extremely pleased with you.
You visited 3 branches of the dungeon, and saw 18 of its levels.
You also visited: Ossuary.

You collected 1337 gold pieces.
You spent 200 gold pieces at shops.

Inventory:

Hand Weapons
 O - the +4 short sword of Saqybav (weapon) {vamp, Int+7}
   (You bought it in a shop on level 6 of the Dungeon)

   It occasionally heals its wielder for a portion of the damage dealt when it
   wounds a living foe.
   Int:       It affects your intelligence (+7).
Armour
 e - a +1 pair of boots (worn)
 f - an orb of guile (worn)
 l - a +2 helmet (worn)
 t - a +0 cloak (worn)
 C - a +2 pair of gloves (worn)
 H - a +2 leather armour of willpower (worn)
 Y - a scarf of invisibility
Magical Staves
 w - a staff of fire
Jewellery
 a - a +6 ring of dexterity (left hand)
 i - an amulet of regeneration
 N - a +6 ring of strength
 S - the ring "Jietuuve" (right hand) {Will+ Int+4}
   (You found it on level 11 of the Dungeon)

   [ring of willpower]

   Int:       It affects your intelligence (+4).
   Will:      It increases your willpower.
Wands
 b - a wand of acid (3)
 q - a wand of polymorph (15)
 I - a wand of paralysis (13)
 T - a wand of charming (3)
 V - a wand of digging (14)
 W - a wand of flame (2)
 X - a wand of iceblast (1)
Scrolls
 d - 7 scrolls of fear
 g - 5 scrolls of magic mapping
 j - 3 scrolls of blinking {unknown}
 k - 9 scrolls of teleportation {unknown}
 n - 3 scrolls of summoning
 s - 5 scrolls of enchant weapon
 v - a scroll of identify
 x - 2 scrolls of vulnerability {unknown}
 y - 3 scrolls of noise
 A - 3 scrolls of poison
 B - 2 scrolls of brand weapon
 L - 3 scrolls of fog
 P - 5 scrolls of amnesia
 Q - 2 scrolls of immolation {unknown}
 U - a scroll of torment {unknown}
Potions
 c - 2 potions of invisibility
 h - 4 potions of curing
 m - 4 potions of heal wounds {unknown}
 o - a potion of resistance {unknown}
 p - 4 potions of flight
 r - 2 potions of ambrosia {unknown}
 u - 2 potions of lignification {unknown}
 D - 3 potions of haste
 F - 2 potions of cancellation {unknown}
 G - 3 potions of attraction {unknown}
 J - 3 potions of magic {unknown}
 K - 2 potions of brilliance {unknown}
 M - 4 potions of might {unknown}
 R - a potion of degeneration {unknown}


   Skills:
 + Level 6.9 Fighting
 + Level 8.4 Short Blades
 - Level 4.0 Armour
 + Level 8.7 Dodging
 * Level 16.8 Stealth
 + Level 7.2 Spellcasting
 * Level 15.6 Hexes
 + Level 4.5 Summonings
 + Level 7.6 Ice Magic
 + Level 1.1 Evocations


You had 6 spell levels left.
You knew the following spells:

 Your Spells              Type           Power      Damage    Failure   Level
a - Ensorcelled Hibernat  Hex/Ice        100%       N/A       1%          2
b - Confusing Touch       Hex            87%        N/A       1%          3
c - Tukima's Dance        Hex            87%        N/A       1%          3
d - Frozen Ramparts       Ice            100%       1d12      1%          3
e - Summon Mana Viper     Hex/Summ       69%        N/A       2%          5
f - Summon Ice Beast      Ice/Summ       52%        N/A       4%          4

Your spell library contained the following spells:

 Spells                   Type           Power      Damage    Failure   Level
 Freeze                   Ice            100%       1d11      1%          1
 Summon Small Mammal      Summ           100%       N/A       1%          1
 Dazzling Flash           Conj/Hex       100%       N/A       1%          3
 Apportation              Tloc           24%        N/A       5%          1
 Necrotize                Necr           48%        1d6       5%          1
 Blink                    Tloc           24%        N/A       8%          2
 Sublimation of Blood     Necr           12%        N/A       8%          2
 Hailstorm                Conj/Ice       38%        3d9       11%         4
 Lesser Beckoning         Tloc           12%        N/A       16%         3
 Vampiric Draining        Necr           12%        2d6       16%         3
 Petrify                  Tmut/Erth      12%        N/A       45%         4
 Agony                    Necr           12%        N/A       82%         5
 Irradiate                Conj/Tmut      6%         3d15      82%         5
 Manifold Assault         Tloc           12%        N/A       82%         5
 Monstrous Menagerie      Summ           21%        N/A       100%        7


Dungeon Overview and Level Annotations

Branches:
Dungeon (11/15)            Temple (1/1) D:5            Lair (6/6) D:9
  Swamp (0/4) Lair:4       Spider (0/4) Lair:4        Slime (0/5) Lair:5
    Orc (0/2) D:11        Ossuary (visited)

Altars:
Ashenzari
Cheibriados
Dithmenos
Elyvilon
Fedhas
Gozag
Hepliaklqana
Kikubaaqudgha
Makhleb
Nemelex Xobeh
Okawaru
Qazlal
Ru
Sif Muna
Trog
Uskayaw
Vehumet
Wu Jian
Xom
Yredelemnul
Zin
The Shining One
Jiyva

Shops:
D:6 (


Innate Abilities, Weirdness & Mutations

You do not regenerate when monsters are visible.
You are frail without blood (-20% HP).
You can heal yourself when you bite living creatures.
You are immune to poison.
You have razor-sharp teeth.
You have supernaturally acute eyesight. (SInv)
You are afflicted with vampirism and can become a bat while bloodless.


Message History

Okay, then.
Casting: Ensorcelled Hibernation (safe; 1% risk of failure)
Confirm with . or Enter, or press ? or * to list all spells.
Your hands begin to glow red.
The wall freezes the eight-headed hydra!
The eight-headed hydra seems to slow down.
The eight-headed hydra bites you!
* * * LOW HITPOINT WARNING * * *
The eight-headed hydra bites you.
* * * LOW HITPOINT WARNING * * *
The eight-headed hydra completely misses you.
The eight-headed hydra closely misses you.
The eight-headed hydra barely misses you.
The eight-headed hydra closely misses you.
The eight-headed hydra bites you.
Your necklace shatters, unleashing a wave of protective dreams!
You dream of health, friendship, and clouds.
The eight-headed hydra bites you.
You hit the eight-headed hydra but do no damage.
The eight-headed hydra appears confused.
The eight-headed hydra is moderately wounded.
The frozen ramparts melt away.
You hit the eight-headed hydra.
The eight-headed hydra is moderately wounded.
Your blink frog hits the eight-headed hydra!
You catch the helpless eight-headed hydra completely off-guard!
You perforate the eight-headed hydra like a sieve!!!
You kill the eight-headed hydra!
The eight-headed hydra's corpse dissolves into shadows!
You swap places.
A wolf comes into view.
The wolf bites your blink frog. The wolf barely misses your blink frog.
You swap places. 2 wolves come into view.
The wolf misses your blink frog. The wolf bites your blink frog.
Your blink frog blinks!
The wolf bites you but does no damage.
Your blink frog blinks!
Your blink frog closely misses the wolf.
Are you sure you want to abandon this character and quit the game? (Confirm with "yes".)

.......#...#
..........###
......#.....##
..#.#P###....##
## . ####
##....###.##
#.....#.#.#
###....§F§#
#..F§§hF#
##.##@h§##
###F#h§.##
#F#####.#
####.P#.#
#...## ## #...#
###.# #..##
.#..##. ##...#
........
###..g##


You could see 3 wolves and 5 friendly blink frogs.

Vanquished Creatures
  Nessos (Lair:4)
  Harold (D:10)
  5 hydras
  A boulder beetle (Lair:5)
  A death knight (D:11)
  4 two-headed ogres
  A centaur warrior (D:11)
  5 death yaks (Lair:4)
  A deep elf pyromancer (D:11)
  An oklob plant (Lair:5)
  A cyclops (D:11)
  A manticore (D:11)
  4 torpor snails (Lair:4)
  A black mamba (Lair:3)
  4 cane toads
  8 komodo dragons
  2 rime drakes
  A gargoyle (D:11)
  An unseen horror (D:11)
  3 kobold demonologists
  2 trolls
  A polar bear (Lair:6)
  3 hornets
  Grinder (D:3)
  4 wyverns
  3 basilisks
  28 yaks
  3 steam dragons
  A wraith (D:10)
  Menkaure (D:4)
  2 vampire mosquitoes (D:11)
  14 water moccasins
  4 sky beasts
  A meliai simulacrum (D:11)
  10 orc warriors
  6 black bears
  An ogre (D:7)
  16 wolves
  A boggart (Lair:6)
  4 centaurs
  2 phantoms
  12 bullfrogs
  2 gnoll sergeants
  3 kobold brigands
  A necrophage (D:5)
  4 scorpions
  3 killer bees (D:7)
  4 electric eels
  4 howler monkeys
  A crimson imp (D:9)
  A human zombie (Ossuary)
  10 orc priests
  A centaur zombie (Ossuary)
  6 hounds
  2 jellies (D:7)
  A gnoll shaman (D:8)
  Jessica (D:3)
  An iguana (D:4)
  10 orc wizards
  3 mummies
  8 adders
  20 gnolls
  A white imp (D:9)
  An ufetubus (D:4)
  3 worms
  4 dart slugs
  37 orcs
  8 ball pythons
  5 endoplasms
  A giant cockroach (D:2)
  3 gnoll zombies (Ossuary)
  3 goblins
  5 hobgoblins
  2 quokkas
  7 bats
  5 frilled lizards
  3 goblin zombies (Ossuary)
  4 hobgoblin zombies (Ossuary)
  26 kobolds
  2 orc zombies (Ossuary)
  8 rats
381 creatures vanquished.

Vanquished Creatures (collateral kills)
  A death yak (Lair:4)
  7 yaks
  A water moccasin (Lair:3)
  2 orc warriors
  4 wolves
  2 orc priests
  An orc wizard (D:9)
  2 orcs (D:9)
20 creatures vanquished.

Vanquished Creatures (others)
  2 dancing weapons
  37 fungi
  51 plants
90 creatures vanquished.

Grand Total: 491 creatures vanquished

Notes
Turn   | Place    | Note
-------+----------+-------------------------------------------
     0 | D:1      | happo123 the Vampire Enchanter began the quest for the Orb.
     0 | D:1      | Reached XP level 1. HP: 13/13 MP: 3/3
    50 | D:1      | Found a faded altar of an unknown god.
   220 | D:1      | Reached XP level 2. HP: 17/19 MP: 5/5
   297 | D:1      | Learned a level 2 spell: Ensorcelled Hibernation
  1232 | D:2      | Gained mutation: You are afflicted with vampirism and can
                  | become a bat while bloodless. [Vampire growth]
  1232 | D:2      | Reached XP level 3. HP: 20/20 MP: 6/6
  1236 | D:2      | Learned a level 3 spell: Confusing Touch
  1300 | D:2      | Reached skill level 5 in Hexes
  1394 | D:2      | Reached skill level 5 in Stealth
  1729 | D:2      | Reached skill level 1 in Fighting
  1820 | D:3      | Reached XP level 4. HP: 25/25 MP: 7/7
  1970 | D:3      | Noticed Grinder
  1980 | D:3      | Killed Grinder
  1981 | D:3      | Reached skill level 6 in Stealth
  1981 | D:3      | Reached skill level 1 in Ice Magic
  1981 | D:3      | Reached XP level 5. HP: 23/29 MP: 5/9
  1981 | D:3      | Reached XP level 6. HP: 27/34 MP: 5/10
  2369 | D:3      | Noticed Jessica
  2372 | D:3      | Killed Jessica
  2518 | D:3      | Learned a level 3 spell: Tukima's Dance
  2872 | D:4      | Noticed Menkaure
  2878 | D:4      | Reached skill level 7 in Stealth
  2885 | D:4      | Killed Menkaure
  2886 | D:4      | Reached XP level 7. HP: 40/40 MP: 5/11
  3119 | D:5      | Entered Level 5 of the Dungeon
  3142 | D:5      | Found the dreamshard necklace {*Dream Drain}
  3347 | D:5      | Found a staircase to the Ecumenical Temple.
  3356 | Temple   | Entered the Ecumenical Temple
  3359 | Temple   | Became a worshipper of the Wu Jian Council
  3632 | D:5      | Learned a level 3 spell: Frozen Ramparts
  3774 | D:5      | Paralysed by an orc for 4 turns
  4102 | D:5      | Reached skill level 8 in Stealth
  4538 | D:5      | You fall into a shaft and drop 3 floors!
  4576 | D:8      | Found a sand-covered staircase.
  4586 | Ossuary  | Entered an ossuary
  4702 | Ossuary  | Reached XP level 8. HP: 45/45 MP: 7/13
  4787 | Ossuary  | Reached * piety under Wu Jian
  5187 | D:5      | Reached skill level 9 in Stealth
  5518 | D:6      | Found Esesamae's Antique Weapon Shop.
  5617 | D:6      | Reached skill level 1 in Armour
  5689 | D:6      | Reached XP level 9. HP: 51/51 MP: 9/15
  5782 | D:6      | Found a shimmering altar of Xom.
  5968 | D:6      | Reached ** piety under Wu Jian
  6902 | D:7      | Reached skill level 10 in Stealth
  7038 | D:7      | Reached skill level 5 in Dodging
  7269 | D:7      | Reached skill level 10 in Hexes
  7275 | D:6      | Bought a bloodstained short sword for 200 gold pieces
  7275 | D:6      | Identified the +4 short sword of Saqybav {vamp, Int+7} (You
                  | bought it in a shop on level 6 of the Dungeon)
  7646 | D:8      | Reached skill level 5 in Short Blades
  8023 | D:8      | Reached *** piety under Wu Jian
  8030 | D:8      | Reached skill level 11 in Stealth
  8448 | D:9      | Noticed a troll
  8462 | D:9      | Killed a troll
  8463 | D:9      | Reached XP level 10. HP: 41/56 MP: 7/17
  8835 | D:9      | Reached skill level 5 in Spellcasting
  8837 | D:9      | Reached skill level 12 in Stealth
  8973 | D:9      | Found a staircase to the Lair.
  9004 | D:9      | Reached skill level 5 in Ice Magic
  9058 | D:9      | Noticed a two-headed ogre
  9062 | D:9      | Killed a two-headed ogre
  9130 | D:9      | Reached **** piety under Wu Jian
  9383 | D:10     | Entered Level 10 of the Dungeon
  9495 | D:10     | Reached XP level 11. HP: 57/62 MP: 15/19
  9695 | D:10     | Noticed a two-headed ogre
  9701 | D:10     | Killed a two-headed ogre
  9885 | D:10     | Noticed Harold
  9907 | D:10     | Killed Harold
  9908 | D:10     | Reached skill level 13 in Stealth
  9927 | D:10     | Reached skill level 5 in Fighting
 10708 | D:11     | Found a staircase to the Orcish Mines.
 10757 | D:11     | Noticed a two-headed ogre
 10775 | D:11     | Killed a two-headed ogre
 11017 | D:11     | Noticed a two-headed ogre
 11023 | D:11     | Killed a two-headed ogre
 11038 | D:11     | Reached ***** piety under Wu Jian
 11062 | D:11     | Identified the ring "Jietuuve" {Will+ Int+4}
 11301 | D:11     | Reached skill level 14 in Stealth
 11321 | D:11     | Noticed a four-headed hydra
 11329 | D:11     | Killed a four-headed hydra
 11330 | D:11     | Reached skill level 1 in Summonings
 11412 | D:11     | Noticed a centaur warrior
 11444 | D:11     | Noticed a death knight
 11444 | D:11     | Noticed a deep elf pyromancer
 11462 | D:11     | Killed a centaur warrior
 11468 | D:11     | Killed a deep elf pyromancer
 11488 | D:11     | Killed a death knight
 11489 | D:11     | Reached XP level 12. HP: 69/69 MP: 16/21
 11516 | D:11     | Learned a level 5 spell: Summon Mana Viper
 11910 | Lair:1   | Entered Level 1 of the Lair of Beasts
 12090 | Lair:1   | Noticed a seven-headed hydra
 12094 | Lair:1   | Killed a seven-headed hydra
 13441 | Lair:2   | Noticed an eight-headed hydra
 13445 | Lair:2   | Killed an eight-headed hydra
 13446 | Lair:2   | Reached skill level 15 in Stealth
 14432 | Lair:3   | Noticed a seven-headed hydra
 14438 | Lair:3   | Killed a seven-headed hydra
 14676 | Lair:4   | Found a staircase to the Swamp.
 14907 | Lair:4   | Found a snail-covered altar of Cheibriados.
 14934 | Lair:4   | Reached XP level 13. HP: 75/75 MP: 23/23
 14973 | Lair:4   | Found a hole to the Spider Nest.
 15017 | Lair:4   | Reached skill level 16 in Stealth
 15096 | Lair:4   | Noticed Nessos
 15103 | Lair:4   | Killed Nessos
 15108 | Lair:4   | Reached skill level 15 in Hexes
 15247 | Lair:4   | Learned a level 4 spell: Summon Ice Beast
 16001 | Lair:5   | Identified the +1 leather armour "Gocoif" {rElec Stlth+}
 16031 | Lair:5   | Found a viscous altar of Jiyva.
 16031 | Lair:5   | Found a staircase to the Slime Pits.
 16299 | Lair:5   | Identified the +4 scale mail of Time Monsters {*Corrode
                  | Regen+ Str+6 Dex+4}
 17031 | Lair:6   | Entered Level 6 of the Lair of Beasts
 17212 | Lair:6   | Reached skill level 1 in Evocations
 17394 | Lair:6   | Quit the game

Illustrated notes

Levels and vault maps discovered:
D:1:      ncdulo_lavacross, layout_basic, serial_rivers,
          chequers_serial_rivers_marsh, chequers_serial_rivers_micro_c,
          chequers_serial_rivers_large_a, chequers_serial_rivers_small_a,
          chequers_serial_rivers_micro_e, chequers_serial_rivers_room_b,
          ebering_ecumenical_altar_box, serial_bayou_ford_a
D:2:      layout_loops_ring, minmay_surrounded
D:3:      layout_loops_ring, item_on_display_b, uniq_jessica, uniq_grinder
D:4:      layout_rooms, uniq_menkaure
D:5:      layout_loops_corners, minmay_temple_entry_large_hall, minivault_27,
          chequers_decorated_corner
D:6:      layout_basic, mainiacjoe_overflow_cross_hatched, serial_shops,
          nicolae_take_the_stairs, hangedman_decor_growths
D:7:      cheibrodos_helix_gallery, layout_basic
D:8:      layout_loops_cross, gup_ossuary_entry_pyramid
D:9:      layout_irregular_city, due_lair_maze_entry_diamond,
          minmay_fire_ice_demons
D:10:     layout_stronghold, uniq_harold
D:11:     layout_basic, david_orc_4, grunt_tough_drop
Temple:   dpeg_three_leaves_temple
Lair:1:   layout_layer_cave
Lair:2:   layout_chaotic_city, beast_lair_carwin_8, lemuel_fruit_fields,
          grunt_megastairs_3, infiniplex_staircase_pool_2, lemuel_fruit_tree
Lair:3:   layout_concentric_octagons
Lair:4:   layout_gridlike, swamp_mist_pool, spider_nest_entry_web_field,
          kennysheep_snail_temple, serial_bayou_shore_a, uniq_nessos
Lair:5:   layout_regular_city, slime_altar_1, wad_woods_road_04,
          serial_bayou_shore_b
Lair:6:   minmay_lair_end_enchanted_forest, layout_cave_pods

Skill      XL: |  1  2  3  4  5  6  7  8  9 10 11 12 13 |
---------------+----------------------------------------+-----
Hexes          | 5 6 7 9 10 11 13 14 15 | 15.6
Stealth        | 5 6 7 8 9 11 12 14 15 16 | 16.8
Fighting       | 1 2 3 4 5 6 |  6.9
Short Blades   | 2 3 4 5 6 7 8 |  8.4
Dodging        | 3 4 5 6 7 8 |  8.7
Ice Magic      | 1 2 3 4 5 6 7 |  7.6
Spellcasting   | 3 4 5 6 7 |  7.2
Armour         | 1 2 3 4 |  4.0
Summonings     | 1 3 4 |  4.5
Evocations     | 1 |  1.1

Action                   |  1- 3 |  4- 6 |  7- 9 | 10-12 | 13-15 || total
-------------------------+-------+-------+-------+-------+-------++-------
Melee: Dagger            |    89 |    49 |   184 |       |       ||   322
       Bite              |     3 |     2 |    20 |    21 |    15 ||    61
       Short sword       |       |       |    28 |   250 |   105 ||   383
 Cast: Ensorcelled Hiber |    17 |     7 |    54 |    73 |    19 ||   170
       Confusing Touch   |       |     4 |    11 |     4 |     7 ||    26
       Frozen Ramparts   |       |       |     9 |    13 |     5 ||    27
       Tukima's Dance    |       |       |     2 |     5 |       ||     7
       Summon Mana Viper |       |       |       |     4 |     7 ||    11
       Summon Ice Beast  |       |       |       |       |     4 ||     4
Invok: Lunge             |       |       |    54 |    52 |    17 ||   123
       Whirlwind         |       |       |     3 |    33 |    12 ||    48
       Serpent's Lash    |       |       |       |       |     3 ||     3
 Abil: Exsanguinate      |     1 |       |       |       |       ||     1
       End Transformatio |       |       |     1 |       |       ||     1
       Bat Form          |       |       |     1 |       |       ||     1
  Use: Scroll            |       |       |     5 |     6 |     3 ||    14
       Potion            |       |       |       |       |     1 ||     1
 Stab: Sleeping          |    26 |    22 |    79 |    91 |    29 ||   247
       Distracted        |     1 |       |     1 |     5 |     2 ||     9
       Confused          |       |     4 |    11 |     1 |     8 ||    24
       Invisible         |       |       |       |       |     2 ||     2
Armor: Robe              |    20 |    11 |    22 |       |       ||    53
       Leather armour    |       |       |    22 |    61 |    20 ||   103
Dodge: Dodged            |    54 |    24 |    77 |   109 |    57 ||   321

Table legend: (Time is in decaauts)
 A = Elapsed time spent in this place.
 B = Non-inter-level travel time spent in this place.
 C = Inter-level travel time spent in this place.
 D = Time resting spent in this place.
 E = Time spent auto-exploring this place.
 F = Levels seen in this place.
 G = Mean time per level.
                   A        B        C        D        E       F      G
               +--------+--------+--------+--------+--------+-----+--------+
         Total |  17360 |  15836 |   1524 |    713 |  12363 |  19 |  913.7 |
       Dungeon |  11235 |  10128 |   1107 |    363 |   7967 |  11 | 1021.4 |
        Temple |    329 |    292 |     37 |    223 |     55 |   1 |  329.0 |
          Lair |   5483 |   5103 |    380 |     21 |   4276 |   6 |  913.8 |
       Ossuary |    312 |    312 |      0 |    106 |     64 |   1 |  312.0 |
               +--------+--------+--------+--------+--------+-----+--------+

Top non-repeatable levels by time:
    D:11: 1379 daAuts
  Lair:4: 1327 daAuts
     D:5: 1276 daAuts
     D:7: 1247 daAuts
  Lair:1: 1179 daAuts
     D:9: 1156 daAuts
    D:10: 1117 daAuts
  Lair:5: 1079 daAuts
     D:6: 1067 daAuts
     D:1: 1065 daAuts
     D:8: 850 daAuts
  Lair:2: 818 daAuts
     D:2: 775 daAuts
     D:3: 744 daAuts
  Lair:3: 725 daAuts
